 Dungeon Crawl Stone Soup version 0.23.0 (webtiles) character file.

Game seed: 1504379549482045744

1425 Masnef the Magician (level 8, -1/43 HPs)
             Began as a Tengu Enchanter on Feb 10, 2019.
             Was a Follower of Vehumet.
             Slain by an orc warrior
             ... wielding a +0 flail
              (22 damage)
             ... on level 6 of the Dungeon.
             The game lasted 00:23:16 (8544 turns).

Masnef the Magician (Tengu Enchanter)               Turns: 8544, Time: 00:23:16

Health: -1/43      AC:  3    Str:  8    XL:     8   Next: 72%
Magic:  11/17      EV: 14    Int: 17    God:    Vehumet [*.....]
Gold:   269        SH:  0    Dex: 16    Spells: 9/17 levels left

rFire    . . .     SeeInvis .   a - +2 dagger
rCold    . . .     Gourm    .   (no shield)
rNeg     . . .     Faith    .   b - +0 robe
rPois    .         Spirit   .   (helmet restricted)
rElec    .         Reflect  .   q - +0 cloak (curse)
rCorr    .         Harm     .   (no gloves)
MR       .....                  (boots unavailable)
Stlth    ++........             (no amulet)
HPRegen  0.14/turn              (no ring)
MPRegen  0.15/turn              (no ring)

@: flying quickly and evasively, heavily drained, quick
A: beak, talons 3, able to fly
a: Stop Flying, Renounce Religion


You were on level 6 of the Dungeon.
You worshipped Vehumet.
Vehumet was aware of your devotion.
You were not hungry.

You visited 1 branch of the dungeon, and saw 6 of its levels.

You collected 269 gold pieces.

Inventory:

Hand Weapons
 a - a +2 dagger (weapon)
 h - a +4 spear
Armour
 b - a +0 robe (worn)
 q - a cursed +0 cloak (worn)
Scrolls
 c - a scroll of identify
 e - 7 scrolls of teleportation
 g - 2 scrolls of amnesia
 o - 4 scrolls of remove curse {unknown}
 t - a scroll of random uselessness {unknown}
 u - a scroll of immolation {unknown}
 y - a scroll of fear {unknown}
Potions
 i - a potion of agility
 j - 3 potions of berserk rage
 l - 3 potions of degeneration
 m - a potion of mutation {unknown}
 n - a potion of heal wounds {unknown}
 p - a potion of curing
 r - a potion of lignification {unknown}
 w - a potion of haste {unknown}
 x - a potion of brilliance {unknown}
Comestibles
 d - 2 rations


   Skills:
 + Level 1.2(0.0) Fighting
 - Level 3.0(1.0) Short Blades
 + Level 3.1(1.1) Dodging
 - Level 5.0(2.9) Stealth
 + Level 5.3(3.2) Spellcasting
 * Level 5.0(2.9) Conjurations
 - Level 4.5(2.4) Hexes
 - Level 2.1(0.2) Ice Magic


You had 9 spell levels left.
You knew the following spells:

 Your Spells              Type           Power        Failure   Level  Hunger
b - Ensorcelled Hibernat  Hex/Ice        #.....       16%         2    ##.....
c - Confuse               Hex            ##......     19%         3    ###....
d - Dazzling Spray        Conj/Hex       ##....       17%         3    ###....

Your spell library contained the following spells:

 Spells                   Type           Power        Failure   Level  Hunger
 Sandblast                Erth           #.....       17%         1    None
 Magic Dart               Conj           ##..         5%          1    None
 Corona                   Hex            ##.....      6%          1    None
 Searing Ray              Conj           ##....       8%          2    ##.....
 Tukima's Dance           Hex            ##......     19%         3    ###....
 Iskenderun's Mystic Bla  Conj           ##......     45%         4    ####...
 Fulminant Prism          Conj/Hex       ##........   50%         4    ####...
 Force Lance              Conj/Tloc      #.......     67%         4    ####...


Dungeon Overview and Level Annotations

Branches:
Dungeon (6/15)
 Temple: D:4-7

Altars:
Ashenzari
Kikubaaqudgha
Makhleb
Sif Muna
Vehumet
Zin

Annotations:
D:6 3 exclusions, Menkaure


Innate Abilities, Weirdness & Mutations

You have a beak for a mouth.
You have claws for feet.
You can fly continuously.


Message History

Confirm with . or Enter, or press ? or * to list all spells.
Aiming: Dazzling Spray (safe; 17% risk of failure)
Press: ? - help, Shift-Dir - straight line, f/p - orc warrior
Aim: an orc warrior, wielding a +0 flail and wearing a +0 chain mail (heavily wounded)
The spray of energy hits the orc warrior but does no damage.
The orc warrior is heavily wounded.
The orc warrior is dazzled.
You hit the orc warrior but do no damage.
You claw the orc warrior.
The orc warrior is severely wounded.
The orc warrior hits you with a +0 flail!
You hit the orc warrior but do no damage.
Your peck misses the orc warrior.
The orc warrior is severely wounded.
The orc warrior closely misses you.
You hit the orc warrior but do no damage.
The orc warrior is severely wounded.
The orc warrior hits you with a +0 flail!!
Ouch! That really hurt!
You die...

....#.....## ##..# ##
z..##......######..##### #
.o####.......##..#.#...#
..####........#.....####
..............#.#..##
#z....#.....####.###
#..#####....##...# z.##
#.........# ######### ...##
#....[.#o@# ##.....#.###
##..####....###..##
##...##..#..# ###...##.).##
##..###....#....#..
###....).# #..>...#..........
# ##.....##
#......#.......... #
#......## ##....#...........
##
##..#...####................
.##
##.†###...#........######....
<.###).## ##....######.##
##..#


You could see an orc warrior (blind).

Vanquished Creatures
  An orc warrior (D:6)
  A sky beast (D:5)
  An ogre (D:3)
  2 bullfrogs (D:6)
  2 scorpions
  A howler monkey (D:6)
  3 wights
  A crimson imp (D:6)
  A centaur zombie (D:5)
  3 iron imps (D:3)
  An orc priest (D:6)
  2 jellies (D:6)
  2 hounds
  4 orc wizards (D:6)
  2 bullfrog skeletons
  4 worker ants
  3 gnolls (D:4)
  9 adders
  An ooze (D:5)
  An adder zombie (D:6)
  A worm (D:3)
  3 dart slugs
  7 leopard geckos
  11 orcs
  2 bats
  4 giant cockroaches
  4 goblins
  6 hobgoblins
  8 jackals
  2 quokkas
  3 ball pythons
  15 frilled lizards
  4 kobolds
  2 leopard gecko skeletons (D:6)
  5 rats
  A plant (D:3)
123 creatures vanquished.

Vanquished Creatures (others)
  A plant (D:2)
1 creature vanquished.

Grand Total: 124 creatures vanquished

Notes
Turn   | Place    | Note
-------+----------+-------------------------------------------
     0 | D:1      | Masnef the Tengu Enchanter began the quest for the Orb.
     0 | D:1      | Reached XP level 1. HP: 10/10 MP: 4/4
   362 | D:1      | Reached XP level 2. HP: 15/15 MP: 6/6
   427 | D:1      | Learned a level 2 spell: Ensorcelled Hibernation
   703 | D:1      | You fall through a shaft!
  1013 | D:2      | Reached XP level 3. HP: 19/19 MP: 7/7
  1282 | D:2      | Learned a level 3 spell: Confuse
  1443 | D:2      | Found a deep blue altar of Sif Muna.
  1443 | D:2      | Found a glowing silver altar of Zin.
  1444 | D:2      | Found a radiant altar of Vehumet.
  1451 | D:2      | Became a worshipper of Vehumet
  1635 | D:2      | Reached XP level 4. HP: 12/24 MP: 0/8
  2231 | D:3      | Found a burning altar of Makhleb.
  2507 | D:3      | Gained mutation: You can fly continuously. [Tengu growth]
  2507 | D:3      | Reached XP level 5. HP: 19/28 MP: 9/9
  2764 | D:3      | Reached * piety under Vehumet
  2764 | D:3      | Offered knowledge of Magic Dart by Vehumet.
  3112 | D:3      | Learned a level 3 spell: Dazzling Spray
  3150 | D:3      | Reached XP level 6. HP: 33/33 MP: 7/10
  3280 | D:3      | Reached skill level 1 in Conjurations
  3846 | D:4      | Reached skill level 1 in Ice Magic
  4135 | D:4      | Reached XP level 7. HP: 36/37 MP: 4/12
  4351 | D:5      | Entered Level 5 of the Dungeon
  5166 | D:5      | Found a shattered altar of Ashenzari.
  5296 | D:5      | Found an ancient bone altar of Kikubaaqudgha.
  5461 | D:6      | Reached skill level 5 in Stealth
  5621 | D:6      | Reached XP level 8. HP: 42/42 MP: 14/14
  6406 | D:6      | Offered knowledge of Sandblast by Vehumet.
  6631 | D:6      | Noticed Menkaure
  6885 | D:6      | Reached skill level 1 in Fighting
  7723 | D:6      | Reached skill level 5 in Spellcasting
  8449 | D:4      | Reached skill level 5 in Conjurations
  8544 | D:6      | Slain by an orc warrior

Skill      XL: |  1  2  3  4  5  6  7  8 |
---------------+-------------------------+-----
Hexes          | 3 4 |  4.5
Conjurations   | 2 4 5 |  5.0
Stealth        | 4 5 |  5.0
Short Blades   | 2 3 |  3.0
Ice Magic      | 1 2 |  2.1
Spellcasting   | 3 5 |  5.3
Fighting       | 1 |  1.2
Dodging        | 3 |  3.1

Action                   |  1- 3 |  4- 6 |  7- 9 || total
-------------------------+-------+-------+-------++-------
Melee: Dagger            |   100 |   116 |   138 ||   354
       Kick              |    21 |    32 |    31 ||    84
       Peck              |     9 |    16 |    30 ||    55
 Cast: Corona            |     4 |     1 |       ||     5
       Ensorcelled Hiber |     8 |    21 |    34 ||    63
       Confuse           |       |     8 |    35 ||    43
       Dazzling Spray    |       |     2 |    18 ||    20
 Abil: Fly               |       |     1 |       ||     1
  Use: Scroll            |       |     4 |     9 ||    13
       Potion            |       |       |     1 ||     1
 Stab: Sleeping          |    10 |    19 |    20 ||    49
       Confused          |       |     3 |     5 ||     8
       Invisible         |       |     1 |     4 ||     5
  Eat: Chunk             |     3 |     3 |     7 ||    13
       Ration            |       |     2 |     4 ||     6
Armor: Robe              |     8 |    10 |    19 ||    37
Dodge: Dodged            |    56 |    45 |   118 ||   219
